 Dungeon Crawl Stone Soup version 0.25.1-11-g244df3a29b (webtiles) character file.

Game seed: 4087953913638338216

1187 DeepDeath the Cruncher (level 8, 0/58 HPs)
             Began as a Formicid Gladiator on Dec 12, 2023.
             Slain by an orc warrior
             ... wielding a +0 hand axe
              (13 damage)
             ... on level 6 of the Dungeon.
             The game lasted 00:23:04 (6385 turns).

DeepDeath the Cruncher (Formicid Gladiator)         Turns: 6385, Time: 00:23:04

Health: 0/58       AC:  8    Str: 22    XL:     8   Next: 70%
Magic:  8/8        EV: 12    Int:  7    God:
Gold:   274        SH:  0    Dex: 12    Spells: 7/7 levels left

rFire    . . .     SeeInvis +   a - +1 quarterstaff
rCold    . . .     Gourm    .   (no shield)
rNeg     . . .     Faith    .   r - +0 ring mail
rPois    .         Spirit   .   (helmet unavailable)
rElec    .         Reflect  .   i - +1 cloak
rCorr    .         Harm     .   (no gloves)
MR       .....                  (no boots)
Stlth    +.........             (no amulet)
HPRegen  0.19/turn              (no ring)
MPRegen  0.11/turn              (no ring)

@: very slightly contaminated, invisible
A: permanent stasis, dig shafts and tunnels, four strong arms, antennae 3
a: Dig, Shaft Self


You were on level 6 of the Dungeon.
You were very hungry.

You visited 1 branch of the dungeon, and saw 6 of its levels.

You collected 274 gold pieces.

Inventory:

Hand Weapons
 a - a +1 quarterstaff (weapon)
 h - a +0 halberd
 q - a +2 flail of protection
Missiles
 e - 106 stones (quivered)
 j - a throwing net
 l - 22 sling bullets
 m - 7 boomerangs
 t - 37 arrows
 z - a boomerang of dispersal
Armour
 b - a +0 leather armour
 i - a +1 cloak (worn)
 n - a +0 scale mail
 r - a +0 ring mail (worn)
 v - a +0 chain mail
 w - a +0 buckler
Jewellery
 x - an uncursed ring of see invisible {unknown}
Scrolls
 y - a scroll of enchant weapon
Potions
 c - a potion of lignification
 f - a potion of stabbing
 g - 2 potions of might
 k - a potion of cancellation
 u - 3 potions of brilliance
Comestibles
 d - 13 rations


   Skills:
 + Level 3.4 Fighting
 * Level 8.7 Staves
 + Level 3.1 Throwing
 - Level 4.0 Armour
 - Level 3.0 Dodging
 * Level 0.4 Shields


You had 7 spell levels left.
You didn't know any spells.
Your spell library contained the following spells:

 Spells                   Type           Power        Failure   Level  Hunger
 Animate Skeleton         Necr           N/A          58%         1    ##.....
 Apportation              Tloc           #.....       58%         1    ##.....
 Corona                   Hex            #......      58%         1    ##.....
 Summon Small Mammal      Summ           #...         58%         1    ##.....


Dungeon Overview and Level Annotations

Branches:
Dungeon (6/15)
 Temple: D:4-7

Altars:
Ashenzari
Dithmenos
Elyvilon
Hepliaklqana
Sif Muna
Xom

Annotations:
D:4 1 runed translucent door, Crazy Yiuf
D:6 Edmund, Menkaure


Innate Abilities, Weirdness & Mutations

You cannot be hasted, slowed, berserked, paralysed or teleported.
You can dig through walls and to a lower floor.
Your four strong arms can wield two-handed weapons with a shield.
You have a pair of large antennae on your head. (SInv)


Message History

The orc misses you.
You feel less invigorated.
You feel less confused. The orc barely misses you.
You sock the orc!
You kill the orc!
You barely miss the orc warrior. The orc warrior barely misses you.
You closely miss the orc warrior.
The orc warrior hits you with a +0 hand axe!
* * * LOW HITPOINT WARNING * * *
You catch the helpless orc warrior completely off-guard!
You thump the orc warrior!
The orc warrior is moderately wounded.
You closely miss the orc warrior.
The orc warrior is moderately wounded.
The orc warrior misses you.
You thump the orc warrior!
The orc warrior is severely wounded.
The orc warrior hits you with a +0 hand axe!
You die...

#######.##
.........#
#######..# #..#
#..#########
#..........# #
#....#####.###.####
#[###.####^........
#.# #.@oo......####
#.# #.##########
#....## ###.# #? .
#


You could see an orc warrior and an orc.

Vanquished Creatures
  A phantom (D:4)
  An ice beast (D:4)
  2 ogres (D:5)
  A gnoll sergeant (D:5)
  2 crimson imps
  A centaur zombie (D:4)
  2 bullfrog skeletons
  3 orc priests
  Terence (D:3)
  6 orc wizards
  4 worker ants
  6 gnolls
  4 adders
  A shadow imp (D:5)
  An ooze (D:1)
  3 worms
  2 dart slugs
  4 leopard geckos
  23 orcs
  A ball python (D:3)
  10 bats
  5 giant cockroaches
  6 goblins
  9 hobgoblins
  2 jackals (D:4)
  8 kobolds
  A quokka (D:5)
  2 frilled lizards (D:1)
  A quokka skeleton (D:2)
  5 rats
118 creatures vanquished.

Notes
Turn   | Place    | Note
-------+----------+-------------------------------------------
     0 | D:1      | DeepDeath the Formicid Gladiator began the quest for the
                  | Orb.
     0 | D:1      | Reached XP level 1. HP: 16/16 MP: 1/1
   403 | D:1      | Reached XP level 2. HP: 22/22 MP: 2/2
   733 | D:1      | Reached skill level 4 in Staves
   733 | D:1      | Reached XP level 3. HP: 22/27 MP: 3/3
  1658 | D:2      | Found a faded altar of an unknown god.
  1713 | D:2      | Reached XP level 4. HP: 14/33 MP: 4/4
  1969 | D:2      | Found a shattered altar of Ashenzari.
  2238 | D:2      | Reached skill level 5 in Staves
  2465 | D:2      | Reached XP level 5. HP: 35/38 MP: 5/5
  2563 | D:2      | Found a shadowy altar of Dithmenos.
  2758 | D:3      | Noticed Terence
  2761 | D:3      | Reached skill level 6 in Staves
  2761 | D:3      | Reached XP level 6. HP: 13/44 MP: 6/6
  3327 | D:3      | Killed Terence
  3414 | D:3      | Found a hazy altar of Hepliaklqana.
  3534 | D:3      | Reached skill level 7 in Staves
  3615 | D:3      | Found a shimmering altar of Xom.
  3623 | D:3      | Found a white marble altar of Elyvilon.
  3939 | D:4      | Reached skill level 1 in Armour
  4099 | D:4      | Reached XP level 7. HP: 49/50 MP: 7/7
  4373 | D:4      | Found a runed translucent door.
  4374 | D:4      | Noticed Crazy Yiuf
  4715 | D:5      | Entered Level 5 of the Dungeon
  5117 | D:5      | Reached skill level 8 in Staves
  5137 | D:5      | Reached XP level 8. HP: 57/57 MP: 8/8
  5844 | D:5      | Found a shimmering blue altar of Sif Muna.
  6046 | D:6      | Noticed Edmund
  6080 | D:6      | Noticed Menkaure
  6385 | D:6      | Slain by an orc warrior

Illustrated notes

Levels and vault maps discovered:
D:1:      matt_arrival_spirals, layout_loops_ring, glass_columns_a,
          chequers_mini_garden, minmay_pentomino_z4
D:2:      layout_loops_ring, ashenzari_altar_1,
          nicolae_dithmenos_through_a_glass_darkly,
          chequers_ecumenical_altar_twisty
D:3:      layout_rooms, brannock_xom_greatest_gift,
          lemuel_coloured_pillars_altar, lemuel_crystal_altar, uniq_terence
D:4:      layout_basic, first_ration, uniq_crazy_yiuf_cottage
D:5:      layout_loops_ring, minmay_misc_feat_hallway, led_sif_pool
D:6:      layout_loops_ring, kennysheep_mini_moat, minmay_temple_entry_trees,
          kennysheep_generic_room_13, uniq_pikel, uniq_edmund, uniq_menkaure,
          uniq_grinder

Skill      XL: |  1  2  3  4  5  6  7  8 |
---------------+-------------------------+-----
Staves         | 4 5 6 7 8 |  8.7
Armour         | 1 3 4 |  4.0
Dodging        | 3 |  3.0
Fighting       | 3 |  3.4
Throwing       | 3 |  3.1
Shields        | |  0.4

Action                   |  1- 3 |  4- 6 |  7- 9 || total
-------------------------+-------+-------+-------++-------
Melee: Quarterstaff      |    91 |   146 |   145 ||   382
Throw: Stone             |    16 |    47 |    28 ||    91
       Throwing net      |     4 |     4 |       ||     8
  Use: Scroll            |     2 |     6 |     4 ||    12
       Potion            |       |     2 |     5 ||     7
 Stab: Sleeping          |       |     2 |       ||     2
       Held in net/web   |       |     1 |       ||     1
       Invisible         |       |       |     1 ||     1
  Eat: Chunk             |     2 |     8 |     6 ||    16
Armor: Leather armour    |    25 |    39 |       ||    64
       Ring mail         |       |     7 |    37 ||    44
Dodge: Dodged            |    68 |    83 |    68 ||   219
